 Dungeon Crawl Stone Soup version 0.31-a0-210-gccc998df9b (webtiles) character file.

Game seed: 9829612801642629698

5310 qw the Skirmisher (level 10, -3/64 HPs)
             Began as a Gargoyle Hexslinger on June 29, 2023.
             Was an Initiate of Okawaru.
             Slain by a yak (11 damage)
             ... on level 9 of the Dungeon.
             The game lasted 00:04:26 (8928 turns).

qw the Skirmisher (Gargoyle Hexslinger)             Turns: 8928, Time: 00:04:26

Health: -3/64      AC: 13    Str: 12    XL:     10   Next: 64%
Magic:  11/11      EV: 12    Int: 14    God:    Okawaru [......]
Gold:   396        SH:  0    Dex: 16    Spells: 10/11 levels left

rFire   + . .        Y - +0 orcbow
rCold   . . .        (shield currently unavailable)
rNeg    + + .        o - +0 leather armour {rF+}
rPois   inf          j - +1 helmet
rElec   +            g - +0 cloak
rCorr   +            (no gloves)
SInv    .            (no boots)
Will    .....        (no amulet)
Stlth   +            f - ring of resist corrosion
HPRegen 0.30/turn    e - ring of positive energy
MPRegen 0.12/turn

%: no passive effects
@: about to teleport
A: sickness immunity, AC +7, negative energy resistance 1, electricity
resistance, torment resistance 1, petrification resistance
a: Renounce Religion


You were on level 9 of the Dungeon.
You worshipped Okawaru.
Okawaru was noncommittal.
You visited 2 branches of the dungeon, and saw 10 of its levels.
You also visited: Ossuary.

You collected 441 gold pieces.
You spent 45 gold pieces at shops.


Innate Abilities, Weirdness & Mutations

You are immune to sickness and miasma.
Your stone body is resilient. (AC +7)
You are immune to poison.
You resist negative energy. (rN+)
You are resistant to electric shocks. (rElec)
You are resistant to unholy torment.
You are immune to petrification.


   Skills:
 + Level 8.2 Fighting
 - Level 13.0 Ranged Weapons
 - Level 2.7 Armour
 - Level 3.0 Dodging
 - Level 1.0 Spellcasting
 - Level 2.6 Hexes


You had 10 spell levels left.
You knew the following spells:

 Your Spells              Type           Power      Damage    Failure   Level
a - Slow                  Hex            32%        N/A       11%         1

Your spell library contained the following spells:

 Spells                   Type           Power      Damage    Failure   Level
 Inner Flame              Hex/Fire       4%         N/A       50%         3
 Portal Projectile        Hex/Tloc       8%         N/A       50%         3
 Cause Fear               Hex            4%         N/A       73%         4

Inventory:

Hand Weapons
 Y - a +0 orcbow (weapon)
Armour
 g - a +0 cloak (worn)
 j - a +1 helmet (worn)
 o - a +0 leather armour of fire resistance (worn)
 p - +0 steam dragon scales
Jewellery
 a - a ring of fire
 e - a ring of positive energy (right hand)
 f - a ring of resist corrosion (left hand)
 r - a +4 ring of slaying {mikee}
Scrolls
 c - 2 scrolls of identify
 d - a scroll of teleportation
Potions
 b - 6 potions of haste
 h - a potion of heal wounds
 i - a potion of mutation {unknown}
 k - 2 potions of might
 l - 2 potions of resistance
 m - a potion of ambrosia {unknown}
 n - a potion of enlightenment {unknown}
 q - a potion of cancellation {unknown}

Dungeon Overview and Level Annotations

Branches:
Dungeon (9/15)             Temple (1/1) D:6         Ossuary (visited)
   Lair: D:8-11         Orc: D:9-12

Altars:
Ashenzari
Cheibriados
Dithmenos
Elyvilon
Fedhas
Hepliaklqana
Kikubaaqudgha
Makhleb
Nemelex Xobeh
Okawaru
Qazlal
Ru
Sif Muna
Trog
Uskayaw
Vehumet
Wu Jian
Xom
Yredelemnul
Zin
The Shining One

Shops:
D:5 [


Message History

The yak bellows!
The arrow hits the yak!
The yak is moderately wounded.
You shoot an arrow.
The arrow hits the yak but does no damage.
You shoot an arrow. The arrow hits the yak.
The yak is lightly wounded.
You shoot an arrow. The arrow hits the yak.
The yak is lightly wounded.
You shoot an arrow. The arrow hits the yak!
The yak is severely wounded.
The yak gores you. x2
You shoot an arrow. The arrow hits the yak!
You kill the yak!
Okawaru accepts your kill.
You shoot an arrow.
The arrow hits the yak but does no damage.
The yak gores you.
You shoot an arrow.
The arrow hits the yak but does no damage.
The yak gores you.
You shoot an arrow. The arrow hits the yak!
The yak is moderately wounded.
The yak closely misses you. x2
You shoot an arrow. The arrow hits the yak.
The yak is moderately wounded.
The yak gores you! The yak gores you. The yak closely misses you.
The yak barely misses you.
You shoot an arrow. The arrow barely misses the yak.
The yak gores you!
The yak gores you but does no damage. x2
The yak closely misses you.
You shoot an arrow. The arrow hits the yak.
The yak is moderately wounded.
The yak gores you! x2; The yak closely misses you.
The yak gores you but does no damage.
8928 ||| READING 2 scrolls of teleportation.
As you read the scroll of teleportation, it crumbles to dust.
You feel strangely unstable. The yak gores you!
You die...

....#....# .~.. #...........#.
....#....# ##.~. #....##.......
....#....# ..~. #....###.#.#.#
....#....####.~. #....###.#....
#...#....# ...~. #...[#)..#...#
.#..#....####.~. #....#.#......
#...#....#.$..~Y #....#.#..#...
...##....####'YY####....#.#......
....###.......YY@.....###.##.#.#.
.##.###.......~YY.....###..>.#.#.
.##...........~........####.##.#.
...##.%......~~~.......# #. #.##
......#......~~~~.....## #. #...
##....#.....~~~~~.....# ### ##..
#####.......~~~~~~....#.....#....
.....#.......~~~~.....#.###.#....
.....#.##.....~.....#............


You could see 7 yaks.

Vanquished Creatures
  Prince Ribbit (D:6)
  A shadow (D:9)
  6 yaks
  2 wyverns
  A steam dragon (D:7)
  Eustachio (D:6)
  Menkaure (D:6)
  2 water moccasins
  An orc warrior (D:9)
  2 ice beasts
  2 black bears
  2 sky beasts
  2 centaurs
  2 phantoms
  5 bullfrogs
  A gnoll sergeant (D:9)
  3 scorpions (D:5)
  5 water moccasin zombies (Ossuary)
  5 wights (D:9)
  3 killer bees (D:8)
  A howler monkey (D:4)
  An electric eel (D:9)
  3 hounds
  2 orc priests
  A gnoll bouda (D:6)
  A sleepcap (D:7)
  3 iguanas
  8 orc wizards
  2 mummies (Ossuary)
  12 gnolls
  13 adders
  A shadow imp (D:6)
  A white imp (D:8)
  An ufetubus (D:5)
  4 adder zombies (Ossuary)
  A worm (D:2)
  3 dart slugs
  38 orcs
  11 ball pythons
  4 bats
  8 endoplasms
  2 giant cockroaches
  6 gnoll zombies (Ossuary)
  11 goblins
  8 hobgoblins
  6 jackals
  2 quokkas
  2 frilled lizards
  4 hobgoblin zombies (Ossuary)
  10 kobolds
  4 kobold zombies (Ossuary)
  7 orc zombies (Ossuary)
  9 rats
238 creatures vanquished.

Notes
Turn   | Place    | Note
-------+----------+-------------------------------------------
     0 | D:1      | qw the Gargoyle Hexslinger began the quest for the Orb.
     0 | D:1      | Reached XP level 1. HP: 12/12 MP: 2/2
     0 | D:1      | 0 ||| qw: Version: 0.3-a-24-ga2abf7b
     0 | D:1      | 0 ||| qw: Game counter: 6966
     0 | D:1      | 0 ||| qw: Melee chars always use a shield: true
     0 | D:1      | 0 ||| qw: God list: Okawaru
     0 | D:1      | 0 ||| qw: Allow faded altars: false
     0 | D:1      | 0 ||| qw: Do Orc after clearing Dungeon:15 true
     0 | D:1      | 0 ||| qw: Do second Lair branch before Depths: true
     0 | D:1      | 0 ||| qw: Lair rune preference: random
     0 | D:1      | 0 ||| qw: Goals: Normal
     0 | D:1      | 0 ||| PLANNING D:1-11
    71 | D:1      | Reached XP level 2. HP: 16/16 MP: 3/3
   164 | D:1      | Reached skill level 3 in Ranged Weapons
   363 | D:1      | Reached XP level 3. HP: 16/21 MP: 4/4
   593 | D:1      | 593 ||| UPGRADING to +0 ring mail.
   603 | D:1      | 603 ||| DROPPING +0 robe.
   604 | D:1      | 604 ||| UPGRADING to +1 helmet.
   609 | D:1      | 609 ||| UPGRADING to +0 leather armour of fire resistance.
   619 | D:1      | 619 ||| READING scroll labelled GUHEM DEDIRYC.
   624 | D:1      | 624 ||| READING scroll labelled TEKHLATALU.
   625 | D:1      | 625 ||| READING scroll labelled IGGEUM DOALE.
   626 | D:1      | 626 ||| READING scroll labelled CAETIR NAENWAN.
   627 | D:1      | 627 ||| READING scroll labelled XUERUTW CYERAHI.
   628 | D:1      | 628 ||| READING scroll labelled ARAFEMN NIAM.
   629 | D:1      | 629 ||| DRINKING 2 pink potions.
   630 | D:1      | 630 ||| DROPPING scroll of poison.
   631 | D:1      | 631 ||| DROPPING potion of attraction.
   822 | D:2      | Found a faded altar of an unknown god.
   890 | D:2      | Reached skill level 4 in Ranged Weapons
   890 | D:2      | Reached XP level 4. HP: 26/26 MP: 5/5
   913 | D:2      | 913 ||| READING scroll of enchant weapon.
   913 | D:2      | 913 ||| ENCHANTING +2 sling.
  1060 | D:2      | 1060 ||| Stepping ~*~*~tactically~*~*~ (water).
  1099 | D:2      | Found a white marble altar of Elyvilon.
  1147 | D:2      | Reached XP level 5. HP: 30/30 MP: 6/6
  1247 | D:2      | 1247 ||| Stepping ~*~*~tactically~*~*~ (water).
  1320 | D:2      | 1320 ||| READING 2 scrolls labelled SECUYKHEWU.
  1321 | D:2      | 1321 ||| READING scroll labelled NESEIDWO OFEETZ.
  1322 | D:2      | 1322 ||| DRINKING 4 puce potions.
  1323 | D:2      | 1323 ||| DROPPING scroll of vulnerability.
  1470 | D:3      | 1470 ||| Stepping ~*~*~tactically~*~*~ (outnumbered).
  1505 | D:3      | Reached skill level 5 in Ranged Weapons
  1938 | D:3      | 1938 ||| UPGRADING to ring of resist corrosion.
  1939 | D:3      | 1939 ||| READING scroll labelled QAESASHOYTO.
  2040 | D:3      | 2040 ||| DRINKING 2 lumpy puce potions.
  2083 | D:3      | 2083 ||| READING 2 scrolls of identify.
  2083 | D:3      | 2083 ||| IDENTIFYING fizzy yellow potion
  2084 | D:3      | 2084 ||| DROPPING potion of lignification.
  2163 | D:4      | Reached skill level 3 in Fighting
  2279 | D:4      | Found a hide-covered altar of Uskayaw.
  2340 | D:4      | Found a hazy altar of Hepliaklqana.
  2412 | D:4      | Reached XP level 6. HP: 32/37 MP: 7/7
  2638 | D:4      | Reached skill level 6 in Ranged Weapons
  2890 | D:4      | 2890 ||| DROPPING +0 leather armour of fire resistance.
  2891 | D:4      | 2891 ||| DROPPING amulet of magic regeneration.
  2892 | D:4      | 2892 ||| UPGRADING to ring of positive energy.
  2893 | D:4      | 2893 ||| READING scroll labelled MEADDO DOIJOX.
  2913 | D:4      | 2913 ||| READING scroll labelled CYRPHOATUAL.
  2948 | D:5      | Entered Level 5 of the Dungeon
  2949 | D:5      | 2949 ||| PLANNING OSSUARY
  3009 | D:5      | Found Fearocw Motz's Armour Emporium.
  3033 | D:5      | Reached skill level 1 in Armour
  3058 | D:5      | 3058 ||| BUYING +0 cloak (45 gold).
  3058 | D:5      | Bought a +0 cloak for 45 gold pieces
  3058 | D:5      | 3058 ||| SHOPLISTING +2 helmet of the Hot Ocelot {rF- Dex+4
                  | SInv} (271 gold, have 169).
  3058 | D:5      | 3058 ||| SHOPLISTING +3 ring mail of poison resistance (230
                  | gold, have 169).
  3096 | D:5      | Reached XP level 7. HP: 31/43 MP: 8/8
  3211 | D:5      | Found a snail-covered altar of Cheibriados.
  3232 | D:5      | Reached skill level 7 in Ranged Weapons
  3440 | D:5      | Found a sand-covered staircase.
  3461 | D:5      | 3461 ||| UPGRADING to +0 cloak.
  3469 | Ossuary  | Entered an ossuary
  3502 | Ossuary  | 3502 ||| FLEEEEING.
  3503 | Ossuary  | 3503 ||| FLEEEEING.
  3504 | Ossuary  | 3504 ||| FLEEEEING.
  3505 | Ossuary  | 3505 ||| FLEEEEING.
  3598 | Ossuary  | Reached skill level 8 in Ranged Weapons
  3598 | Ossuary  | Reached XP level 8. HP: 47/48 MP: 9/9
  3875 | Ossuary  | 3875 ||| DRINKING 2 bubbling blue potions.
  3876 | Ossuary  | 3876 ||| DRINKING 2 metallic inky potions.
  3877 | Ossuary  | 3877 ||| DRINKING 2 bubbling grey potions.
  3982 | Ossuary  | 3982 ||| READING 4 scrolls of identify.
  3982 | Ossuary  | 3982 ||| IDENTIFYING white potion
  3983 | Ossuary  | 3983 ||| READING 3 scrolls of identify.
  3983 | Ossuary  | 3983 ||| IDENTIFYING fuming blue potion
  3984 | Ossuary  | 3984 ||| READING 2 scrolls of identify.
  3984 | Ossuary  | 3984 ||| IDENTIFYING murky coppery potion
  3985 | Ossuary  | 3985 ||| DROPPING potion of brilliance.
  3986 | Ossuary  | 3986 ||| DROPPING potion of berserk rage.
  3987 | Ossuary  | 3987 ||| DROPPING potion of invisibility.
  3990 | D:5      | 3990 ||| PLANNING D:1-11
  4137 | D:5      | Identified the +0 leather armour of Uxoscha {Str+2 Stlth+}
  4210 | D:5      | 4210 ||| DROPPING +0 leather armour of Uxoscha {Str+2
                  | Stlth+}.
  4249 | D:6      | 4249 ||| Stepping ~*~*~tactically~*~*~ (outnumbered).
  4251 | D:6      | 4251 ||| Stepping ~*~*~tactically~*~*~ (outnumbered).
  4640 | D:6      | Noticed Menkaure
  4652 | D:6      | Killed Menkaure
  4658 | D:6      | Reached skill level 9 in Ranged Weapons
  4662 | D:6      | Noticed Prince Ribbit
  4676 | D:6      | Killed Prince Ribbit
  4677 | D:6      | Reached skill level 6 in Fighting
  4722 | D:6      | Reached XP level 9. HP: 16/56 MP: 10/10
  4801 | D:6      | 4801 ||| FLEEEEING.
  4872 | D:6      | Noticed Eustachio
  4901 | D:6      | Killed Eustachio
  4912 | D:6      | 4912 ||| SWAPPING to +0 orcbow.
  4916 | D:6      | 4916 ||| Stepping ~*~*~tactically~*~*~ (outnumbered).
  4917 | D:6      | 4917 ||| DROPPING +3 sling.
  4918 | D:6      | Found a blossoming altar of Fedhas.
  4919 | D:6      | 4919 ||| Stepping ~*~*~tactically~*~*~ (outnumbered).
  5052 | D:6      | Identified the +6 short sword of the Two Names {venom,
                  | *Corrode rF+ Will+ Str+2}
  5054 | D:6      | Reached skill level 10 in Ranged Weapons
  5054 | D:6      | 5054 ||| DRINKING potion of curing.
  5054 | D:6      | 5054 ||| (to cure confusion)
  5109 | D:6      | Found a staircase to the Ecumenical Temple.
  5110 | D:6      | 5110 ||| PLANNING TEMPLE
  5120 | Temple   | Entered the Ecumenical Temple
  5385 | Temple   | 5385 ||| PLANNING D:1-11
  5933 | D:7      | Reached skill level 3 in Dodging
  6471 | D:7      | 6471 ||| DROPPING +0 ring mail.
  6472 | D:7      | 6472 ||| READING scroll labelled FEYTER UTTOF.
  6503 | D:8      | 6503 ||| STAIRDANCE
  6510 | D:8      | 6510 ||| STAIRDANCE
  6524 | D:7      | Reached skill level 11 in Ranged Weapons
  6702 | D:8      | Identified the +1 rapier of Kutuevvest {flame, Str+2}
  7117 | D:8      | Reached XP level 10. HP: 34/64 MP: 11/11
  7300 | D:8      | Found a sacrificial altar of Ru.
  7328 | D:8      | HP: 14/64 [yak (8)]
  7329 | D:8      | 7329 ||| READING 4 scrolls of teleportation.
  7330 | D:8      | 7330 ||| DRINKING potion of heal wounds.
  7345 | D:8      | HP: 11/64 [yak (13)]
  7346 | D:8      | 7346 ||| READING 3 scrolls of teleportation.
  7349 | D:8      | HP: 2/64 [yak (10)]
  7579 | D:8      | Reached skill level 12 in Ranged Weapons
  7898 | D:8      | 7898 ||| READING 2 scrolls of identify.
  7898 | D:8      | 7898 ||| IDENTIFYING fizzy cyan potion
  7899 | D:8      | 7899 ||| DROPPING potion of degeneration.
  7913 | D:9      | 7913 ||| STAIRDANCE
  8000 | D:9      | 8000 ||| STAIRDANCE
  8066 | D:9      | 8066 ||| STAIRDANCE
  8502 | D:9      | Found an iron altar of Okawaru.
  8503 | D:9      | 8503 ||| PLANNING OKAWARU WORSHIP
  8510 | D:9      | Became a worshipper of Warmaster Okawaru
  8511 | D:9      | 8511 ||| PLANNING D:1-11
  8709 | D:9      | Found a glowing silver altar of Zin.
  8834 | D:9      | Reached skill level 13 in Ranged Weapons
  8849 | D:9      | Found an ornate altar of the Wu Jian Council.
  8927 | D:9      | HP: 8/64 [yak (13)]
  8928 | D:9      | 8928 ||| READING 2 scrolls of teleportation.
  8928 | D:9      | Slain by a yak

Levels and vault maps discovered:
D:1:      dpeg_arrival_orchard, layout_loops_cross
D:2:      layout_rooms, shapermc_ecumenical_altar_mp_vishouse, basic_altar,
          serial_bayou, serial_bayou_pond_d, serial_bayou_pond_d,
          serial_bayou_crossing, serial_bayou_lake_a, serial_bayou_pond_b,
          serial_bayou_pond_d
D:3:      layout_basic
D:4:      layout_cave_pods, nicolae_uskayaw_suspiria,
          nicolae_hepliaklqana_hazy_memory, minmay_misc_feat_secret_circle,
          nicolae_titane
D:5:      layout_basic, kennysheep_slug_shrine,
          nicolae_ossuary_entry_false_entrances, serial_shops, shop
D:6:      layout_basic, mainiacjoe_overflow_concentric_impassable,
          minmay_temple_entry_glassed_door, kennysheep_small_circle,
          uniq_prince_ribbit1, uniq_menkaure, uniq_eustachio
D:7:      layout_cave_pools, minmay_statues_item
D:8:      layout_gridville, nicolae_ru_path_of_blood
D:9:      argonaut_augean_stables, layout_basic, grunt_gozag_statues,
          nicolae_wu_jian_wuxing_cycle, overflow_temple_1_default,
          okawaru_metal_pillars_3
Temple:   oiseaux_autumnal_temple

Skill      XL: |  1  2  3  4  5  6  7  8  9 10 |
---------------+-------------------------------+-----
Ranged Weapons | 3 4 5 6 8 9 11 13 | 13.0
Fighting       | 2 3 4 6 8 |  8.2
Armour         | 1 2 |  2.7
Dodging        | 2 3 |  3.0
Spellcasting   | |  1.0
Hexes          | |  2.6

Action                     |  1- 3 |  4- 6 |  7- 9 | 10-12 || total
---------------------------+-------+-------+-------+-------++-------
   Fire: Sling             |   126 |   219 |   357 |       ||   702
         Orcbow            |       |       |   257 |   185 ||   442
    Use: Scroll            |     6 |     7 |     4 |     4 ||    21
         Potion            |     1 |     2 |     4 |     1 ||     8
 Armour: Robe              |    16 |       |       |       ||    16
         Leather armour    |    18 |    51 |   228 |    57 ||   354
  Dodge: Dodged            |    49 |    51 |   217 |   102 ||   419

Table legend:
 A = Non-vault XP
 B = Vault XP
 C = Vault XP percentage of total XP
 D = Non-vault monster count
 E = Vault monster count
 F = Vault count percentage of total count
                 A         B        C        D         E       F
            +---------+---------+-------+---------+---------+-------
      Total |    6142 |    1444 |  19.0 |     194 |      44 |  18.5
            +---------+---------+-------+---------+---------+-------
        D:1 |      38 |       0 |   0.0 |      22 |       0 |   0.0
        D:2 |     120 |      18 |  13.0 |      33 |       5 |  13.2
        D:3 |      76 |       0 |   0.0 |      21 |       0 |   0.0
        D:4 |     224 |       0 |   0.0 |      19 |       0 |   0.0
        D:5 |     544 |       4 |   0.7 |      13 |       1 |   7.1
        D:6 |    1015 |     755 |  42.7 |      31 |       5 |  13.9
        D:7 |     923 |       0 |   0.0 |      19 |       0 |   0.0
        D:8 |    1998 |       0 |   0.0 |      21 |       0 |   0.0
        D:9 |    1204 |     180 |  13.0 |      15 |       1 |   6.2
    Ossuary |       0 |     487 | 100.0 |       0 |      32 | 100.0
            +---------+---------+-------+---------+---------+-------
